 Dungeon Crawl Stone Soup version 0.24.0-13-gcf9b319 (webtiles) character file.

Game seed: 17096813945348774424, levelgen mode: deterministic

207 Balder the Skirmisher (level 5, -2/41 HPs)
             Began as a Demonspawn Fighter on Apr 19, 2020.
             Was an Initiate of Okawaru.
             Killed by divine providence
             ... invoked by an orc priest
              (14 damage)
             ... on level 3 of the Dungeon.
             The game lasted 00:11:23 (2219 turns).

Balder the Skirmisher (Demonspawn Fighter)          Turns: 2219, Time: 00:11:24

Health: -2/41      AC:  8    Str: 18    XL:     5   Next: 54%
Magic:  5/5        EV:  7    Int:  9    God:    Okawaru [......]
Gold:   209        SH:  9    Dex: 12    Spells: 4/4 levels left

rFire    . . .     SeeInvis .   a - +0 flail
rCold    . . .     Gourm    .   c - +0 shield
rNeg     . . .     Faith    .   b - +0 scale mail
rPois    .         Spirit   .   s - +0 hat
rElec    .         Reflect  .   i - +0 cloak
rCorr    .         Harm     .   (no gloves)
MR       .....                  (no boots)
Stlth    ..........             (no amulet)
HPRegen  0.13/turn              (no ring)
MPRegen  0.09/turn              (no ring)

@: no status effects
A: antennae 1, powered by pain 2
a: Renounce Religion


You were on level 3 of the Dungeon.
You worshipped Okawaru.
Okawaru was noncommittal.
You were not hungry.

You visited 1 branch of the dungeon, and saw 3 of its levels.

You collected 209 gold pieces.

Inventory:

Hand Weapons
 a - a +0 flail (weapon)
 o - a +0 hunting sling
Missiles
 g - 11 poisoned darts
 v - 6 boomerangs (quivered)
Armour
 b - a +0 scale mail (worn)
 c - a +0 shield (worn)
 i - a +0 cloak (worn)
 s - a +0 hat (worn)
Jewellery
 u - a cursed -2 ring of intelligence {unknown}
Scrolls
 e - 2 scrolls of identify {unknown}
 n - 3 scrolls of remove curse {unknown}
 q - a scroll of immolation {unknown}
 r - a scroll of fear {unknown}
 t - a scroll of fog {unknown}
 x - a scroll of magic mapping {unknown}
 y - a scroll of teleportation {unknown}
Potions
 d - a potion of might
 h - a potion of brilliance {unknown}
 k - a potion of haste {unknown}
 l - a potion of flight {unknown}
 m - a potion of degeneration {unknown}
 p - 2 potions of ambrosia {unknown}
 w - a potion of mutation {unknown}
Comestibles
 f - 6 rations


   Skills:
 * Level 3.5 Fighting
 * Level 3.1 Maces & Flails
 * Level 1.1 Throwing
 * Level 3.2 Armour
 * Level 1.4 Dodging
 * Level 1.3 Stealth
 * Level 3.3 Shields


You had 4 spell levels left.
You didn't know any spells.
Your spell library was empty.

Dungeon Overview and Level Annotations

Branches:
Dungeon (3/15)

Altars:
Okawaru


Innate Abilities, Weirdness & Mutations

You have a pair of small antennae on your head.
You sometimes gain power by taking damage.


Message History

The orc priest is moderately wounded.
The orc priest hits you but does no damage.
You hit the orc priest.
The orc priest is severely wounded.
You block the orc priest's attack.
You closely miss the orc priest.
The orc priest is severely wounded.
The orc priest hits you but does no damage. x2
You closely miss the orc priest.
The orc priest is severely wounded.
The orc priest hits you with a +0 hand axe.
* * * LOW HITPOINT WARNING * * *
You hit the orc priest but do no damage.
The orc priest is severely wounded.
You block the orc priest's attack.
You closely miss the orc priest.
The orc priest is severely wounded.
The orc priest mumbles some strange prayers to Beogh against you.
Beogh smites you!
You die...

## ........#
#.#)#........### ..
........# #.#)#........'..
## ...o....#
#.#.#........### .?....(..
#.#.#........# ......[.#
#.#.#........### ........#
#.#.#........... ####
........# #.#.#...........
...#
..<.....###.#.######......
##.# #.......o@....#
#...... ...#
###########.### #######
#### ####### #.# ...#
#.....###.### ...#
#.....#.....# ...#
#.....#.....#
...#######.....#>....#
............>..#.....#
.....................#


You could see an orc priest.

Vanquished Creatures
  Natasha (D:3)
  4 gnolls (D:2)
  2 adders (D:2)
  An ooze (D:2)
  5 worms
  5 dart slugs
  5 leopard geckos
  10 orcs (D:3)
  10 bats
  3 giant cockroaches
  8 hobgoblins
  3 jackals (D:3)
  A quokka (D:3)
  2 frilled lizards (D:2)
  9 goblins
  3 kobolds
  9 rats
81 creatures vanquished.

Notes
Turn   | Place    | Note
-------+----------+-------------------------------------------
     0 | D:1      | Balder the Demonspawn Fighter began the quest for the Orb.
     0 | D:1      | Reached XP level 1. HP: 18/18 MP: 1/1
   151 | D:1      | Gained mutation: You sometimes gain a little power by
                  | taking damage. [demonic ancestry]
   151 | D:1      | Reached XP level 2. HP: 21/24 MP: 2/2
   563 | D:1      | You fall into a shaft and drop 1 floor!
   625 | D:2      | You fall into a shaft and drop 1 floor!
   637 | D:3      | Gained mutation: You sometimes gain power by taking damage.
                  | [demonic ancestry]
   637 | D:3      | Reached XP level 3. HP: 29/29 MP: 3/3
   984 | D:3      | Noticed Natasha
   998 | D:3      | Killed Natasha
   998 | D:3      | Reached skill level 1 in Stealth
   998 | D:3      | Gained mutation: You have a pair of small antennae on your
                  | head. [demonic ancestry]
   998 | D:3      | Reached XP level 4. HP: 32/35 MP: 4/4
  1130 | D:2      | Reached skill level 1 in Dodging
  1368 | D:2      | Reached skill level 1 in Throwing
  1368 | D:2      | Reached XP level 5. HP: 20/41 MP: 5/5
  2065 | D:2      | Found an iron altar of Okawaru.
  2077 | D:2      | Became a worshipper of Warmaster Okawaru
  2219 | D:3      | Killed from afar by an orc priest

Levels and vault maps discovered:
D:1:      kilobyte_arrival_exit_the_forest, layout_basic,
          hangedman_feature_mirror
D:2:      layout_basic, okawaru_trees_1, minmay_misc_feat_rows,
          minmay_pentomino_r2
D:3:      layout_basic, uniq_natasha

Skill      XL: |  1  2  3  4  5 |
---------------+----------------+-----
Maces & Flails | 2 3 |  3.1
Armour         | 3 |  3.2
Stealth        | 1 |  1.3
Shields        | 3 |  3.3
Dodging        | 1 |  1.4
Throwing       | 1 |  1.1
Fighting       | |  3.5

Action                   |  1- 3 |  4- 6 || total
-------------------------+-------+-------++-------
Melee: Flail             |   145 |   155 ||   300
Throw: Dart              |       |    18 ||    18
       Boomerang         |       |     3 ||     3
  Use: Potion            |       |     4 ||     4
  Eat: Chunk             |     1 |     4 ||     5
Armor: Scale mail        |    86 |    52 ||   138
Dodge: Dodged            |    52 |    33 ||    85
Block: Shield            |    77 |    71 ||   148
